 Dungeon Crawl Stone Soup version 0.32-a0-825-g0e82a1035d (webtiles) character file.

Game seed: 17107030720504155773

387 stillor the Vexing (level 6, -1/37 HPs)
             Began as a Vampire Enchanter on Mar 25, 2024.
             Was an Initiate of Gozag.
             Killed from afar by Ijyb (24 damage)
             ... with a bolt of dispelling energy
             ... on level 4 of the Dungeon.
             The game lasted 00:08:22 (4090 turns).

stillor the Vexing (Vampire Enchanter)              Turns: 4090, Time: 00:08:23

Health: -1/37      AC:  6    Str:  9    XL:     6   Next: 49%
Magic:  2/9        EV: 12    Int: 17    God:    Gozag
Gold:   141        SH:  0    Dex: 15    Spells: 1/9 levels left

rFire   . . .        a - +2 dagger (venom)
rCold   + + .        (no shield)
rNeg    + + +        x - +0 leather armour
rPois   ∞            w - +0 helmet
rElec   .            y - +0 cloak
rCorr   .            l - +0 pair of gloves
SInv    +            (no boots)
Will    .....        (no amulet)
Stlth   +++++        (no ring)
HPRegen 0.00/turn    (no ring)
MPRegen 0.11/turn

%: no passive effects
@: very slightly contaminated, bloodless, inhibited regen
A: bloodless, fangs 3, see invisible, vampiric 2
a: Bat Form, Revivify, Renounce Religion, Potion Petition, Call Merchant, Bribe
Branch


You were on level 4 of the Dungeon.
You worshipped Gozag.
Gozag was aware of your devotion.
You visited 2 branches of the dungeon, and saw 5 of its levels.
You also visited: Sewer.

You collected 187 gold pieces.
You paid 46 gold pieces to Gozag.

Inventory:

Hand Weapons
 a - a +2 dagger of venom (weapon)
Missiles
 m - 2 atropa-tipped darts (quivered)
Armour
 l - a +0 pair of gloves (worn)
 w - a +0 helmet (worn)
 x - a +0 leather armour (worn)
 y - a +0 cloak (worn)
Jewellery
 g - a ring of magical power
 i - an amulet of reflection
Scrolls
 e - a scroll of enchant weapon {unknown}
 f - a scroll of amnesia {unknown}
 h - 2 scrolls of teleportation {unknown}
 j - a scroll of fog {unknown}
 k - 2 scrolls of identify {unknown}
 n - a scroll of noise {unknown}
 r - a scroll of silence {unknown}
 s - 3 scrolls of vulnerability {unknown}
 v - a scroll of immolation {unknown}
 z - a scroll of summoning {unknown}
Potions
 b - a potion of enlightenment {unknown}
 c - 2 potions of invisibility
 d - 4 potions of attraction {unknown}
 o - a potion of lignification {unknown}
 p - 5 potions of magic {unknown}
 q - 2 potions of heal wounds {unknown}
 t - a potion of resistance {unknown}
 u - a potion of haste {unknown}


   Skills:
 + Level 3.3 Fighting
 - Level 1.1 Short Blades
 + Level 4.8 Dodging
 - Level 5.7 Stealth
 - Level 2.0 Spellcasting
 - Level 6.0 Hexes


You had one spell level left.
You knew the following spells:

 Your Spells              Type           Power      Damage    Failure   Level
a - Ensorcelled Hibernat  Hex/Ice        22%        N/A       12%         2
b - Confusing Touch       Hex            22%        N/A       7%          3
c - Tukima's Dance        Hex            22%        N/A       7%          3

Your spell library contained the following spells:

 Spells                   Type           Power      Damage    Failure   Level
 Slow                     Hex            88%        N/A       2%          1
 Dazzling Flash           Conj/Hex       22%        N/A       24%         3
 Vampiric Draining        Necr           1%         2d6       63%         3


Dungeon Overview and Level Annotations

Branches:
Dungeon (4/15)             Temple (1/1) D:4           Sewer (visited)

Altars:
Ashenzari
Cheibriados
Fedhas
Gozag
Hepliaklqana
Kikubaaqudgha
Makhleb
Nemelex Xobeh
Okawaru
Qazlal
Ru
Sif Muna
Trog
Uskayaw
Wu Jian
Xom

Annotations:
D:2 1 runed translucent door, Crazy Yiuf
D:4 1 runed translucent door, Ijyb


Innate Abilities, Weirdness & Mutations

You do not regenerate when monsters are visible.
You are frail without blood (-20% HP).
You can heal yourself when you bite living creatures.
You are immune to poison.
You have razor-sharp teeth.
You have supernaturally acute eyesight. (SInv)
You are afflicted with vampirism and can become a bat while bloodless.


Message History

Natasha looks drowsy...
The helpless Natasha fails to defend herself.
You bite Natasha, and draw her blood!
You feel better.
You impale Natasha!!
You kill Natasha!
You feel Natasha's spirit has finally been put to rest.
No target in view!
No target in view!
Magic restored.
You now have 141 gold pieces (gained 6).
Ijyb the Inquisitive comes into view.
She is wielding a +0 dagger and carrying a wand of quicksilver.
Ijyb shouts!
Casting: Ensorcelled Hibernation (safe; 12% risk of failure)
Confirm with . or Enter, or press ? or * to list all spells.
Aiming: Ensorcelled Hibernation (safe; 12% risk of failure)
Press: ? - help, Shift-Dir - straight line, f - Ijyb
Aim: Ijyb, wielding a +0 dagger, wearing a +0 leather armour and carrying a wand of quicksilver (chance to affect: 53%) Ijyb resists with significant effort.
Casting: Ensorcelled Hibernation (safe; 12% risk of failure)
Confirm with . or Enter, or press ? or * to list all spells.
Aiming: Ensorcelled Hibernation (safe; 12% risk of failure)
Press: ? - help, Shift-Dir - straight line, f/p - Ijyb
Aim: Ijyb, wielding a +0 dagger, wearing a +0 leather armour and carrying a wand of quicksilver (chance to affect: 53%)
You miscast Ensorcelled Hibernation.
You are very lightly contaminated with residual magic.
Nothing appears to happen.
Ijyb zaps a wand.
The bolt of dispelling energy hits you.
Casting: Ensorcelled Hibernation (safe; 12% risk of failure)
Confirm with . or Enter, or press ? or * to list all spells.
Your hands begin to glow red.
Ijyb barely misses you.
You hit Ijyb but do no damage.
Ijyb zaps a wand.
The bolt of dispelling energy hits you!
Your magical effects are unravelling.
You hit Ijyb but do no damage.
Your hands stop glowing.
Ijyb zaps a wand.
The bolt of dispelling energy hits you!!
Ouch! That really hurt!
You die...
Ijyb moans, "Good help so hard to find!"
Your body crumbles into a pile of gold.

##......# #.......#
#.......##
#.........
#......... ##
#......... ..
#.g.........
#.###.@........
#.#.....###.....#
#.........#.###.# ##
#######.........#...
#......##.....#
#........[###.#'...
#.............#'...
#.......[####......
#........####....#


You could see Ijyb.

Vanquished Creatures
  A bombardier beetle (D:4)
  2 hounds (D:4)
  An orc wizard (D:3)
  Natasha (thrice) (D:4)
  Robin (D:2)
  3 river rats (D:3)
  7 adders
  3 ribbon worms
  6 orcs (D:3)
  6 ball pythons
  2 bats
  5 endoplasms
  4 giant cockroaches
  12 goblins
  5 hobgoblins
  16 kobolds
  2 quokkas
  A frilled lizard (D:2)
  11 rats
91 creatures vanquished.

Notes
Turn   | Place    | Note
-------+----------+-------------------------------------------
     0 | D:1      | stillor the Vampire Enchanter began the quest for the Orb.
     0 | D:1      | Reached XP level 1. HP: 13/13 MP: 3/3
   807 | D:2      | Reached XP level 2. HP: 20/20 MP: 5/5
   810 | D:2      | Learned a level 2 spell: Ensorcelled Hibernation
   836 | D:2      | Found a broken altar of Ashenzari.
   915 | D:2      | Reached skill level 1 in Fighting
   995 | D:2      | Reached skill level 5 in Stealth
  1074 | D:2      | Noticed Robin
  1261 | D:2      | Found a runed translucent door.
  1283 | D:2      | Noticed Crazy Yiuf
  1542 | D:2      | Gained mutation: You are afflicted with vampirism and can
                  | become a bat while bloodless. [Vampire growth]
  1542 | D:2      | Reached XP level 3. HP: 22/26 MP: 0/6
  1579 | D:2      | Killed Robin
  1986 | D:3      | Reached XP level 4. HP: 33/33 MP: 1/7
  2003 | D:3      | Found a glowing drain.
  2012 | Sewer    | Entered a sewer
  2024 | Sewer    | Learned a level 3 spell: Confusing Touch
  2582 | D:3      | Found a faded altar of an unknown god.
  2660 | D:3      | Found a sparkling altar of Nemelex Xobeh.
  2672 | D:3      | Reached skill level 5 in Hexes
  2748 | D:3      | Reached XP level 5. HP: 38/38 MP: 8/8
  3622 | D:4      | Noticed Natasha
  3632 | D:4      | Killed Natasha
  3675 | D:4      | Reached skill level 6 in Hexes
  3680 | D:4      | Noticed Natasha
  3691 | D:4      | Killed Natasha
  3692 | D:4      | Reached XP level 6. HP: 28/36 MP: 0/9
  3696 | D:4      | Learned a level 3 spell: Tukima's Dance
  3794 | D:4      | Found a runed translucent door.
  3918 | D:4      | Found a staircase to the Ecumenical Temple.
  3942 | Temple   | Entered the Ecumenical Temple
  3989 | Temple   | Became a worshipper of Gozag Ym Sagoz the Greedy
  4054 | D:4      | Noticed Natasha
  4061 | D:4      | Killed Natasha
  4083 | D:4      | Noticed Ijyb
  4090 | D:4      | Killed from afar by Ijyb

Illustrated notes

Levels and vault maps discovered:
D:1:      dreamdust_arrival_sigmund_warning, layout_basic
D:2:      layout_basic, basic_altar, guppyfry_early_lair_pool, uniq_robin,
          uniq_crazy_yiuf_cottage
D:3:      layout_basic, nemelex_xobeh_ov_fountains_minmay, portal_sewer_entry_e,
          ebering_ecumenical_altar_box
D:4:      layout_basic, minmay_temple_entry_large_hall,
          ebering_ghost_reflecting_pool, uniq_ijyb, uniq_natasha
Temple:   nicolae_temple_bog_church

Skill      XL: |  1  2  3  4  5  6 |
---------------+-------------------+-----
Fighting       | 1 2 3 |  3.3
Stealth        | 5 |  5.7
Dodging        | 3 4 |  4.8
Hexes          | 5 6 |  6.0
Short Blades   | |  1.1
Spellcasting   | |  2.0

Action                     |  1- 3 |  4- 6 || total
---------------------------+-------+-------++-------
  Melee: Dagger            |    69 |   132 ||   201
         Bite              |     9 |    14 ||    23
   Cast: Ensorcelled Hiber |    14 |    21 ||    35
         Confusing Touch   |       |     1 ||     1
Ability: Exsanguinate      |       |     1 ||     1
    Use: Potion            |     2 |       ||     2
   Stab: Sleeping          |    17 |    23 ||    40
         Invisible         |     2 |     1 ||     3
         Distracted        |       |     1 ||     1
 Armour: Robe              |    41 |    45 ||    86
         Leather armour    |       |    26 ||    26
  Dodge: Dodged            |    33 |    57 ||    90

Table legend: (Time is in decaauts)
 A = Elapsed time spent in this place.
 B = Non-inter-level travel time spent in this place.
 C = Inter-level travel time spent in this place.
 D = Time resting spent in this place.
 E = Time spent auto-exploring this place.
 F = Levels seen in this place.
 G = Mean time per level.
                   A        B        C        D        E       F      G
               +--------+--------+--------+--------+--------+-----+--------+
         Total |   4101 |   3895 |    206 |    272 |   2745 |   6 |  683.5 |
       Dungeon |   3542 |   3361 |    181 |    136 |   2517 |   4 |  885.5 |
        Temple |     59 |     34 |     25 |      0 |      0 |   1 |   59.0 |
         Sewer |    499 |    499 |      0 |    136 |    227 |   1 |  499.0 |
               +--------+--------+--------+--------+--------+-----+--------+

Top non-repeatable levels by time:
     D:3: 1212 daAuts
     D:2: 1076 daAuts
     D:1: 780 daAuts
   Sewer: 499 daAuts
     D:4: 473 daAuts
  Temple: 59 daAuts
